 Dungeon Crawl Stone Soup version 0.27-a0-898-g810843a28d (webtiles) character file.

Game seed: 5098322558398262193

205 dmks the Digger (level 5, 0/28 HPs)
             Began as a Gargoyle Earth Elementalist on Apr 5, 2021.
             Was an Initiate of Vehumet.
             Slain by a gnoll
             ... wielding a +0 whip
              (1 damage)
             ... on level 3 of the Dungeon.
             The game lasted 00:19:54 (5174 turns).

dmks the Digger (Gargoyle Earth Elementalist)       Turns: 5174, Time: 00:19:55

Health: 0/28       AC:  7    Str: 12      XL:     5   Next: 83%
Magic:  2/10       EV:  6    Int: 14 (16) God:    Vehumet [......]
Gold:   169        SH:  0    Dex:  9 (10) Spells: 6/10 levels left

rFire    . . .     SeeInvis .   h - +0 dagger
rCold    . . .     Faith    .   (no shield)
rNeg     + . .     Spirit   .   c - +0 robe
rPois    ∞         Reflect  .   b - +0 helmet
rElec    +         Harm     .   (no cloak)
rCorr    .         Rampage  .   (no gloves)
Will     .....                  (no boots)
Stlth    ++........             (no amulet)
HPRegen  0.09/turn              (no ring)
MPRegen  0.12/turn              (no ring)

@: held
A: AC +4, negative energy resistance 1, electricity resistance, torment
resistance 1, unbreathing 1, petrification resistance
a: Renounce Religion


You were on level 3 of the Dungeon.
You worshipped Vehumet.
Vehumet was noncommittal.
You visited 1 branch of the dungeon, and saw 3 of its levels.

You collected 169 gold pieces.

Inventory:

Hand Weapons
 h - a +0 dagger (weapon)
   (You took it off a goblin on level 1 of the Dungeon)
Missiles
 g - 20 stones
Armour
 b - a +0 helmet (worn)
   (You took it off Robin on level 2 of the Dungeon)
 c - a +0 robe (worn)
 e - a +0 plate armour
   (You found it on level 1 of the Dungeon)
Potions
 a - 2 potions of attraction {!q}
 d - a potion of curing {@q1}


   Skills:
 + Level 2.3 Dodging
 - Level 2.3 Stealth
 * Level 3.3 Spellcasting
 + Level 0.0 Conjurations
 + Level 1.9 Transmutations
 * Level 5.2 Earth Magic


You had 6 spell levels left.
You knew the following spells:

 Your Spells              Type           Power      Damage    Failure   Level
a - Sandblast             Erth           34%        2d9       2%          1
x - Stone Arrow           Conj/Erth      18%        3d8       22%         3

Your spell library contained the following spells:

 Spells                   Type           Power      Damage    Failure   Level
 Passwall                 Tmut/Erth      10%        N/A       7%          2
 Animate Skeleton         Necr           4%         N/A       21%         1
 Apportation              Tloc           4%         N/A       21%         1
 Corona                   Hex            2%         N/A       21%         1
 Magic Dart               Conj           8%         1d3       21%         1
 Summon Small Mammal      Summ           8%         N/A       21%         1
 Blink                    Tloc           N/A        N/A       30%         2
 Call Imp                 Summ           2%         N/A       30%         2
 Slow                     Hex            2%         N/A       30%         2
 Petrify                  Tmut/Erth      12%        N/A       43%         4
 Confusing Touch          Hex            2%         N/A       52%         3
 Conjure Flame            Conj/Fire      2%         6-21      52%         3
 Gell's Gravitas          Tloc           1%         N/A       52%         3
 Mephitic Cloud           Conj/Pois/Air  2%         N/A       52%         3
 Lee's Rapid Deconstruct  Erth           8%         3d8*      54%         5
 Fulminant Prism          Conj/Hex       1%         3d6       90%         4
 Yara's Violent Unravell  Hex/Tmut       2%         3d3       98%         5
 Iskenderun's Battlesphe  Conj           2%         2d6       99%         5
 Metabolic Englaciation   Hex/Ice        1%         N/A       99%         5
 Iron Shot                Conj/Erth      4%         9d2       100%        6


Dungeon Overview and Level Annotations

Branches:
Dungeon (3/15)

Altars:
Uskayaw
Vehumet

Annotations:
D:2 Terence


Innate Abilities, Weirdness & Mutations

Your stone body is resilient. (AC +4)
You are immune to poison.
You resist negative energy. (rN+)
You are resistant to electric shocks. (rElec)
You are resistant to unholy torment.
You can survive without breathing.
You are immune to petrification.


Message History

The spell is quite dangerous to cast (22% risk of failure)!
Continue anyway? [Y]es or [N]o only, please.
The spell is quite dangerous to cast (22% risk of failure)!
Continue anyway? [Y]es or [N]o only, please.
The spell is quite dangerous to cast (22% risk of failure)!
Continue anyway?
Aim: a gnoll, wielding a +0 whip (severely wounded, 31% to evade)
The stone arrow misses the gnoll.
The jackal barks!
A jackal comes into view.
The gnoll hits you with a +0 flail.
* * * LOW HITPOINT WARNING * * *
The gnoll closely misses you. The gnoll hits you with a +0 whip.
* * * LOW HITPOINT WARNING * * *
You feel better. The howler monkey barely misses you.
The gnoll hits you with a +0 flail. The howler monkey closely misses you.
The gnoll hits you but does no damage. The gnoll barely misses you.
As you read the scroll labelled WIGOEZ CIONK, it crumbles to dust.
It is a scroll of identify.
You don't have any unidentified items.
The gnoll hits you with a +0 flail.
The howler monkey hits you but does no damage.
The gnoll hits you but does no damage. The gnoll hits you with a +0 whip.
* * * LOW HITPOINT WARNING * * *
The spell is quite dangerous to cast (22% risk of failure)!
Continue anyway? [Y]es or [N]o only, please.
The spell is quite dangerous to cast (22% risk of failure)!
Continue anyway? [Y]es or [N]o only, please.
The spell is quite dangerous to cast (22% risk of failure)!
Continue anyway? [Y]es or [N]o only, please.
The spell is quite dangerous to cast (22% risk of failure)!
Continue anyway?
Aim: a howler monkey (40% to evade)
The stone arrow hits the howler monkey!
The howler monkey hits you.
* * * LOW HITPOINT WARNING * * *
The gnoll completely misses you.
An endoplasm comes into view.
The gnoll closely misses you. The gnoll hits you but does no damage.
You feel better.
The endoplasm quivers.
The jackal bites you.
The howler monkey hoots and howls with incredible vigour!
The gnoll barely misses you. x2; The gnoll hits you with a +0 whip.
* * * LOW HITPOINT WARNING * * *
The jackal closely misses you.
You hear a shout!
You struggle against the net.
The howler monkey hits you.
* * * LOW HITPOINT WARNING * * *
The gnoll hits you with a +0 flail!
* * * LOW HITPOINT WARNING * * *
The gnoll hits you but does no damage. The gnoll hits you with a +0 whip.
You die...

...##..... ###..######
#.#....#... ..........#
#......##...
..........##.#J..###......
.................#.....<).
..........##..............
....#..g.............###.#
#.....hgh......#######..
#[....g@h......#####....
#...##.............##..##.
. #.....###............
###.#.###..........##
#.........^........#
######............#####..
.......†..###.....# ##
###......## #.....#
##.....# #.....#


You could see a howler monkey (catching breath), 3 gnolls, an endoplasm and 2
jackals.

Vanquished Creatures
  Ijyb (D:3)
  Natasha (thrice) (D:2)
  Robin (D:2)
  2 adders
  A dart slug (D:1)
  6 ball pythons
  10 endoplasms
  4 giant cockroaches (D:1)
  8 goblins
  12 hobgoblins
  2 jackals (D:1)
  4 quokkas
  5 bats
  2 frilled lizards
  4 kobolds
  5 rats
70 creatures vanquished.

Vanquished Creatures (others)
  2 plants (D:1)
2 creatures vanquished.

Grand Total: 72 creatures vanquished

Notes
Turn   | Place    | Note
-------+----------+-------------------------------------------
     0 | D:1      | dmks the Gargoyle Earth Elementalist began the quest for
                  | the Orb.
     0 | D:1      | Reached XP level 1. HP: 10/10 MP: 3/3
   145 | D:1      | Reached skill level 1 in Transmutations
   145 | D:1      | Reached XP level 2. HP: 15/15 MP: 3/5
   534 | D:1      | Reached skill level 4 in Earth Magic
   788 | D:1      | Reached XP level 3. HP: 19/19 MP: 4/6
   835 | D:1      | Identified the Catalogue of Earthen Arcane Weapons
  1405 | D:2      | Noticed Robin
  1719 | D:2      | Found a hide-covered altar of Uskayaw.
  1892 | D:2      | Learned a level 3 spell: Stone Arrow
  2005 | D:1      | Reached XP level 4. HP: 15/24 MP: 1/8
  2182 | D:2      | Noticed Terence
  2390 | D:2      | Noticed Natasha
  2578 | D:2      | Killed Robin
  3632 | D:2      | Killed Natasha
  3633 | D:2      | Reached XP level 5. HP: 28/28 MP: 4/9
  3704 | D:2      | Noticed Natasha
  3716 | D:2      | Killed Natasha
  3717 | D:2      | Reached skill level 5 in Earth Magic
  3985 | D:2      | Noticed Natasha
  3996 | D:2      | Killed Natasha
  4762 | D:3      | Found a radiant altar of Vehumet.
  4859 | D:3      | Became a worshipper of Vehumet
  4941 | D:3      | Noticed Ijyb
  4963 | D:3      | Killed Ijyb
  5174 | D:3      | HP: 1/28 [gnoll/+0 flail (10)]
  5174 | D:3      | Slain by a gnoll

Illustrated notes

Levels and vault maps discovered:
D:1:      lemuel_arrival_hallway, layout_loops_ring, serial_bayou_lake_a
D:2:      layout_basic, basic_altar, st_stairs_8, due_unseen_surprise,
          uniq_jessica, uniq_robin, uniq_natasha, uniq_terence
D:3:      layout_rooms, amcnicky_altar_gilded, lemuel_tele_altar, uniq_ijyb

Skill      XL: |  1  2  3  4  5 |
---------------+----------------+-----
Transmutations | 1 |  1.9
Earth Magic    | 4 5 |  5.2
Dodging        | 2 |  2.3
Spellcasting   | 3 |  3.3
Stealth        | |  2.3

Action                   |  1- 3 |  4- 6 || total
-------------------------+-------+-------++-------
Melee: Unarmed           |    13 |       ||    13
       Dagger            |    26 |    68 ||    94
 Cast: Sandblast         |    49 |     9 ||    58
       Stone Arrow       |     2 |    33 ||    35
  Use: Potion            |       |     7 ||     7
       Scroll            |       |     4 ||     4
Armor: Robe              |    31 |    37 ||    68
Dodge: Dodged            |    60 |    74 ||   134

Table legend: (Time is in decaauts)
 A = Elapsed time spent in this place.
 B = Non-inter-level travel time spent in this place.
 C = Inter-level travel time spent in this place.
 D = Time resting spent in this place.
 E = Time spent auto-exploring this place.
 F = Levels seen in this place.
 G = Mean time per level.
                   A        B        C        D        E       F      G
               +--------+--------+--------+--------+--------+-----+--------+
         Total |   5232 |   5166 |     66 |   2296 |   1549 |   3 | 1744.0 |
       Dungeon |   5232 |   5166 |     66 |   2296 |   1549 |   3 | 1744.0 |
               +--------+--------+--------+--------+--------+-----+--------+

Top non-repeatable levels by time:
     D:2: 2544 daAuts
     D:1: 2258 daAuts
     D:3: 429 daAuts
